 Dungeon Crawl Stone Soup version 0.30.1-10-g1249ef9ec4 (webtiles) character file.

Game seed: 9941833216091361405

17166 lonewolfV2 the Nimble (level 12, -4/91 HPs)
             Began as a Demonspawn Fighter on Oct 26, 2023.
             Slain by a manticore (8 damage)
             ... on level 12 of the Dungeon.
             The game lasted 00:20:09 (15722 turns).

lonewolfV2 the Nimble (Demonspawn Fighter)         Turns: 15722, Time: 00:20:09

Health: -4/91      AC: 17    Str: 19    XL:     12   Next: 16%
Magic:  21/21      EV: 13    Int: 11    God:
Gold:   441        SH:  4    Dex: 13    Spells: 11/11 levels left

rFire   . . .        a - +2 war axe (spect)
rCold   + . .        c - +0 buckler
rNeg    . . .        g - +0 chain mail
rPois   +            (no helmet)
rElec   .            (no cloak)
rCorr   .            i - +1 pair of gloves
SInv    .            (no boots)
Will    +....        x - amulet of Guc Uwuo {Acrobat Fly rPois rC+ Int-3} Stlth
                     A - ring of flight
HPRegen 0.35/turn    B - ring of willpower
MPRegen 0.17/turn

%: acrobat
@: spiked, flying
A: thin metallic scales 1, demonic guardian 2, demonic magic 2, weakness stinger
1, clever 1, high MP 1, wild magic 1
a: no special abilities


You were on level 12 of the Dungeon.
You visited 1 branch of the dungeon, and saw 13 of its levels.

You collected 881 gold pieces.
You spent 440 gold pieces at shops.

Inventory:

Hand Weapons
 a - a +2 spectral war axe (weapon)
Missiles
 j - a throwing net (quivered)
Armour
 c - a +0 buckler (worn)
 g - a +0 chain mail (worn)
 i - a +1 pair of gloves (worn)
Jewellery
 x - the amulet of Guc Uwuo (around neck) {Acrobat Fly rPois rC+ Int-3}
   (You bought it in a shop on level 6 of the Dungeon)

   [amulet of the acrobat]

   It increases your evasion while moving and waiting.
   Int:       It affects your intelligence (-3).
   rC:        It protects you from cold.
   rPois:     It protects you from poison.
   Fly:       It grants you flight.
 z - an amulet of regeneration
 A - a ring of flight (left hand)
 B - a ring of willpower (right hand)
 C - a ring of fire
 E - an amulet of reflection
Wands
 f - a wand of mindburst (7)
 s - a wand of polymorph (5)
 y - a wand of digging (8)
Scrolls
 b - 4 scrolls of fog
 k - 5 scrolls of identify
 m - 7 scrolls of teleportation
 u - a scroll of enchant weapon
 v - 2 scrolls of summoning
 w - 5 scrolls of blinking
 D - 2 scrolls of amnesia
 F - a scroll of poison
 G - a scroll of fear
Potions
 d - 4 potions of might
 e - 3 potions of haste
 h - 2 potions of heal wounds
 l - 4 potions of attraction
 n - 3 potions of brilliance
 o - 9 potions of lignification
 p - a potion of cancellation
 q - a potion of flight
 r - 2 potions of invisibility
 t - 2 potions of magic


   Skills:
 - Level 7.1 Fighting
 - Level 1.7 Axes
 * Level 12.7 Armour
 + Level 14.2 Dodging
 - Level 2.6 Shields
 + Level 9.8 Invocations


You had 11 spell levels left.
You didn't know any spells.
Your spell library contained the following spells:

 Spells                   Type           Power      Damage    Failure   Level
 Apportation              Tloc           0%         N/A       96%         1
 Beastly Appendage        Tmut           0%         N/A       96%         1
 Cigotuvi's Dreadful Rot  Necr/Pois/Air  0%         N/A       99%         2
 Poisonous Vapours        Pois/Air       0%         N/A       99%         2
 Static Discharge         Conj/Air       0%         2-2/arc   99%         2
 Wereblood                Tmut           0%         N/A       99%         2
 Mephitic Cloud           Conj/Pois/Air  0%         N/A       100%        3
 Spider Form              Tmut/Pois      0%         N/A       100%        3
 Volatile Blastmotes      Fire/Tloc      0%         2d10      100%        3
 Airstrike                Air            0%         2d(0-16)  100%        4
 Dispel Undead            Necr           0%         3d6       100%        4
 Fulminant Prism          Conj/Hex       0%         3d5       100%        4
 Iskenderun's Mystic Bla  Conj/Tloc      0%         2d3       100%        4
 Summon Lightning Spire   Summ/Air       0%         N/A       100%        4
 Alistair's Intoxication  Tmut/Pois      0%         N/A       100%        5
 Freezing Cloud           Conj/Ice/Air   0%         6-21      100%        5
 Lee's Rapid Deconstruct  Erth           0%         3d4*      100%        5
 Death Channel            Necr           0%         N/A       100%        6
 Chain Lightning          Conj/Air       0%         N/A       100%        9
 Fire Storm               Conj/Fire      0%         5d1       100%        9
 Shatter                  Erth           0%         3d5*      100%        9


Dungeon Overview and Level Annotations

Branches:
Dungeon (13/15)            Temple (0/1) D:6            Lair (0/5) D:10
    Orc (0/2) D:11
 Vaults: D:13-14

Altars:
Cheibriados
Nemelex Xobeh
Okawaru
Yredelemnul

Shops:
D:3 :   D:4 ?   D:6 =   D:7 ?


Innate Abilities, Weirdness & Mutations

You are partially covered in thin metallic scales. (AC +2)
A demonic guardian rushes to your aid.
Spells you cast may paralyse nearby enemies.
You have a small tail.
Your mind is acute. (Int +4, Str/Dex -1)
You have an increased reservoir of magic. (+10% MP)
Your spells are a little harder to cast, but a little more powerful.


Message History

Your +2 spectral war axe hits the large slime creature.
Your +2 spectral war axe hits the large slime creature!
Your +2 spectral war axe closely misses the manticore.
The manticore closely misses you.
The manticore claws you but does no damage.
The manticore claws you.
* * * LOW HITPOINT WARNING * * *
The large slime creature hits you but does no damage.
The large slime creature hits you!
* * * LOW HITPOINT WARNING * * *
A demonic guardian appears!
The manticore barely misses you.
The manticore claws you but does no damage. x2
You feel much better.
Your +2 spectral war axe disappears.
The manticore bites you but does no damage.
The manticore claws you but does no damage.
The manticore barely misses you. The large slime creature misses you.
You hit the large slime creature.
The large slime creature is almost dead.
You hit the manticore.
Your +2 spectral war axe hits the large slime creature.
Your +2 spectral war axe barely misses the manticore.
The manticore bites you.
* * * LOW HITPOINT WARNING * * *
The manticore claws you but does no damage.
The manticore barely misses you.
A large slime creature splits.
Your soul eater hits the slime creature!!
The slime creature dies!
You barely miss the slime creature.
The slime creature is almost dead.
You hit the manticore.
Your +2 spectral war axe hits the slime creature.
Your +2 spectral war axe hits the manticore.
The manticore misses you. The manticore claws you!
* * * LOW HITPOINT WARNING * * *
The manticore claws you but does no damage.
The slime creature hits you!
* * * LOW HITPOINT WARNING * * *
The manticore closely misses you. The manticore claws you!
You die...

(........# .........#
.........# .........#
.........#
.........###############
......H.J...............
..$...(@3...............
<.......................
(.........<.............
........!.........))....
.................)))....
.......................^
........................
<.......................
...................


You could see a slime creature (ally target), a manticore, a friendly soul eater
(summoned) and a friendly +2 spectral war axe.

Vanquished Creatures
  Erolcha (D:10)
  A two-headed ogre (D:11)
  A deep elf pyromancer (D:13)
  An ugly thing (D:13)
  A cyclops (D:11)
  Joseph (D:8)
  A gargoyle (D:11)
  2 komodo dragons
  2 unseen horrors
  4 trolls
  A slime creature (D:12)
  5 yaks (D:10)
  A vampire (D:9)
  A wyvern (D:7)
  3 wraiths
  2 shadows
  2 humans (D:10)
  3 steam dragons
  Grum (D:11)
  A warg (D:11)
  A water moccasin (D:7)
  7 orc warriors
  2 sky beasts (D:7)
  An ice beast (D:6)
  2 black bears
  3 wolves (D:11)
  A centaur (D:12)
  2 kobold brigands (D:9)
  A gnoll sergeant (D:9)
  3 scorpions
  2 bullfrogs
  3 wights (D:10)
  8 killer bees
  10 howler monkeys
  6 orc priests
  A gnoll bouda (D:9)
  5 hounds
  5 jellies
  An iron imp (D:3)
  Jessica (D:3)
  Natasha (thrice) (D:3)
  An iguana (D:5)
  8 orc wizards
  A sleepcap (D:7)
  2 adders
  15 gnolls
  A shadow imp (D:6)
  5 white imps
  3 ufetubi
  4 worms
  4 dart slugs
  40 orcs
  5 bats
  6 endoplasms
  15 goblins
  18 hobgoblins
  3 jackals (D:1)
  8 quokkas
  4 ball pythons
  4 frilled lizards
  24 kobolds
  5 rats
279 creatures vanquished.

Vanquished Creatures (collateral kills)
  Josephine (D:10)
  2 two-headed ogres
  A slime creature (D:12)
  A wraith (D:10)
  A yak (D:10)
  A warg (D:11)
  3 orc warriors
  2 wights (D:10)
  Crazy Yiuf (D:3)
  An orc priest (D:11)
14 creatures vanquished.

Vanquished Creatures (others)
  2 spectral weapons
2 creatures vanquished.

Grand Total: 295 creatures vanquished

Notes
Turn   | Place    | Note
-------+----------+-------------------------------------------
     0 | D:1      | lonewolfV2 the Demonspawn Fighter began the quest for the
                  | Orb.
     0 | D:1      | Reached XP level 1. HP: 18/18 MP: 1/1
    51 | D:1      | Reached skill level 1 in Dodging
    79 | D:1      | Gained mutation: You are partially covered in thin metallic
                  | scales. (AC +2) [demonic ancestry]
    79 | D:1      | Reached XP level 2. HP: 24/24 MP: 2/2
   425 | D:1      | Reached skill level 2 in Dodging
   425 | D:1      | Gained mutation: A weak demonic guardian rushes to your
                  | aid. [demonic ancestry]
   425 | D:1      | Reached XP level 3. HP: 29/29 MP: 3/3
  1312 | D:2      | Found a basalt altar of Yredelemnul.
  1843 | D:3      | Found a snail-covered altar of Cheibriados.
  1850 | D:3      | Gained mutation: You have a small tail. [demonic ancestry]
  1850 | D:3      | Reached XP level 4. HP: 31/35 MP: 4/4
  1885 | D:3      | Reached skill level 3 in Dodging
  1909 | D:3      | Noticed Jessica
  1915 | D:3      | Killed Jessica
  2335 | D:3      | Gained mutation: Spells you cast may paralyse adjacent
                  | enemies. [demonic ancestry]
  2335 | D:3      | Reached XP level 5. HP: 36/41 MP: 5/5
  2404 | D:3      | Noticed Natasha
  2411 | D:3      | Killed Natasha
  2473 | D:3      | Noticed Natasha
  2478 | D:3      | Killed Natasha
  2479 | D:3      | Reached skill level 4 in Dodging
  2548 | D:3      | Found a runed translucent door.
  2549 | D:3      | Noticed Crazy Yiuf
  2716 | D:3      | Noticed Natasha
  2724 | D:3      | Killed Natasha
  2749 | D:3      | Found Wiusch's Book Boutique.
  2935 | D:3      | Killed Crazy Yiuf
  2936 | D:3      | Reached XP level 6. HP: 28/47 MP: 6/6
  3421 | D:4      | Reached skill level 5 in Dodging
  4122 | D:4      | Reached XP level 7. HP: 36/52 MP: 7/7
  4385 | D:4      | Identified the +5 ring mail of Watchfulness {rPois rN+
                  | Str-3 Dex+2}
  4432 | D:4      | Reached skill level 5 in Armour
  4553 | D:4      | Found Miuthod's Magic Scroll Emporium.
  5046 | D:5      | Entered Level 5 of the Dungeon
  5374 | D:5      | Found a sparkling altar of Nemelex Xobeh.
  5813 | D:5      | Identified a scroll of acquirement
  5813 | D:5      | Acquired a manual of Dodging
  5941 | D:5      | Reached skill level 6 in Dodging
  6163 | D:6      | Gained mutation: You are weak. (Str -2) [potion of
                  | mutation]
  6163 | D:6      | Gained mutation: Your body sometimes deteriorates upon
                  | taking damage. [potion of mutation]
  6163 | D:6      | Lost mutation: You are weak. (Str -2) [potion of mutation]
  6364 | D:6      | Reached XP level 8. HP: 58/58 MP: 8/8
  6366 | D:6      | Found a staircase to the Ecumenical Temple.
  6893 | D:6      | Reached skill level 1 in Invocations
  7071 | D:6      | Found Geang's Jewellery Boutique.
  7079 | D:6      | Bought the amulet of Guc Uwuo {Acrobat Fly rPois rC+ Int-3}
                  | for 440 gold pieces
  7239 | D:7      | Reached skill level 7 in Dodging
  7408 | D:7      | Reached skill level 8 in Dodging
  7582 | D:7      | Found Wamaga's Magic Scroll Shoppe.
  7704 | D:7      | Reached XP level 9. HP: 27/63 MP: 12/12
  8102 | D:8      | Noticed a two-headed ogre
  8113 | D:8      | Killed a two-headed ogre
  8114 | D:8      | Reached skill level 9 in Dodging
  8114 | D:8      | Reached skill level 5 in Invocations
  8416 | D:8      | Reached skill level 10 in Armour
  8416 | D:8      | Reached skill level 12 in Dodging
  8416 | D:8      | Gained mutation: A demonic guardian rushes to your aid.
                  | [demonic ancestry]
  8416 | D:8      | Reached XP level 10. HP: 79/79 MP: 14/14
  8714 | D:8      | Noticed Joseph
  8721 | D:8      | Killed Joseph
  9584 | D:6      | Lost mutation: Your body sometimes deteriorates upon taking
                  | damage. [potion of mutation]
  9584 | D:6      | Gained mutation: You possess an exceptional clarity of
                  | mind. [potion of mutation]
  9584 | D:6      | Gained mutation: You have large cloven feet. [potion of
                  | mutation]
 10816 | D:9      | Reached XP level 11. HP: 78/84 MP: 16/16
 11027 | D:10     | Entered Level 10 of the Dungeon
 11067 | D:10     | Noticed Josephine
 11081 | D:10     | Killed Josephine
 11280 | D:10     | Reached skill level 13 in Dodging
 11400 | D:10     | Lost mutation: You possess an exceptional clarity of mind.
                  | [potion of mutation]
 11400 | D:10     | Lost mutation: You have large cloven feet. [potion of
                  | mutation]
 11400 | D:10     | Gained mutation: Your mind is acute. (Int +4, Str/Dex -1)
                  | [potion of mutation]
 11400 | D:10     | Gained mutation: Your spells are a little harder to cast,
                  | but a little more powerful. [potion of mutation]
 11400 | D:10     | Gained mutation: You have an increased reservoir of magic.
                  | (+10% MP) [potion of mutation]
 11788 | D:10     | Found a staircase to the Lair.
 12067 | D:10     | Noticed Erolcha
 12080 | D:10     | Killed Erolcha
 12826 | D:10     | Found an iron altar of Okawaru.
 13312 | D:11     | Found a staircase to the Orcish Mines.
 14480 | D:11     | Noticed Grum
 14500 | D:11     | Killed Grum
 14664 | D:11     | Noticed a two-headed ogre
 14670 | D:11     | Killed a two-headed ogre
 14671 | D:11     | Reached skill level 14 in Dodging
 14891 | D:11     | Noticed a two-headed ogre
 14899 | D:11     | Killed a two-headed ogre
 14900 | D:11     | Gained mutation: Spells you cast may paralyse nearby
                  | enemies. [demonic ancestry]
 14900 | D:11     | Reached XP level 12. HP: 58/91 MP: 20/20
 15241 | D:11     | You are sucked into a shaft and drop 2 floors!
 15722 | D:12     | HP: 4/91 [slime creature (13)]
 15722 | D:12     | Slain by a manticore

Illustrated notes

Levels and vault maps discovered:
D:1:      minmay_arrival_loop, layout_basic, chequers_big_river
D:2:      layout_loops_corners, basic_altar, nicolae_elevator_lobby_asterisk
D:3:      layout_basic, slow_altar_2, serial_shops, nicolae_shop_crystal,
          uniq_natasha, uniq_crazy_yiuf_cottage, uniq_jessica
D:4:      layout_gridville, serial_shops, shop
D:5:      corexii_shantytown, layout_basic, lemuel_doored_altar,
          old_standard_altar, minmay_crystal_room
D:6:      layout_layer_cave, temple_statues, serial_shops,
          nicolae_shop_peninsula
D:7:      layout_cave_pools, serial_shops, shop
D:8:      layout_gridville, lightli_orcish_oven, uniq_joseph
D:9:      layout_gridville, nicolae_elyvilon_peaceful_grove
D:10:     layout_roguey, okawaru_humans, grunt_lair_entry_orc_guard_hut,
          uniq_josephine, uniq_erolcha
D:11:     layout_gridville, david_orc_1_choice, uniq_grum
D:12:     lemuel_reptile_caves, layout_cross, uniq_jorgrun, uniq_fannar
D:13:     layout_loops_cross, grunt_vaults_entry_fortified,
          gauntlet_entry_generic, serial_co_window_serial, co_window_cross_1,
          co_window_of_opportunity_a, co_window_corner_a, co_window_corner_a,
          co_window_paths_a, co_window_paths_a, co_window_paths_b,
          co_window_of_opportunity_a, co_window_paths_b, co_window_corner_b,
          co_window_broadway_b, co_window_cross_4, co_window_2corner,
          co_window_unsneaky_path_c, co_window_corner_b, glass_columns_b,
          glass_columns_b

Skill      XL: |  1  2  3  4  5  6  7  8  9 10 11 |
---------------+----------------------------------+-----
Dodging        | 1 2 3 4 5 6 8 12 14 | 14.2
Armour         | 3 4 6 7 10 12 | 12.7
Invocations    | 4 5 6 9 |  9.8
Fighting       | 7 |  7.1
Axes           | |  1.7
Shields        | |  2.6

Action                     |  1- 3 |  4- 6 |  7- 9 | 10-12 || total
---------------------------+-------+-------+-------+-------++-------
  Melee: War axe           |    85 |    85 |   209 |   392 ||   771
         Tailslap          |       |     9 |    27 |    62 ||    98
         Unarmed           |       |     3 |       |       ||     3
         Kick              |       |       |       |    33 ||    33
  Evoke: Wand              |       |       |       |     2 ||     2
    Use: Scroll            |     9 |     3 |     7 |     5 ||    24
         Potion            |       |     6 |     2 |    13 ||    21
   Stab: Distracted        |       |     2 |     1 |     3 ||     6
 Armour: Scale mail        |    35 |     1 |       |       ||    36
         Chain mail        |       |    40 |   125 |   291 ||   456
  Dodge: Dodged            |    35 |    33 |   102 |   497 ||   667
  Block: Buckler           |    21 |    18 |    53 |   142 ||   234
